| TOP OF THE 1ST |
|
Greenwood Grizzlies batting - Pitching for Greenville Spinners : RHP Linvel Mosby
|
|
Pitching: RHP Linvel Mosby
|
|
|
Batting: SHB Sap Randall
|
0-0: Called Strike 0-1: Ball 1-1: Swinging Strike 1-2: Strikes out looking
|
|
Batting: RHB Robert Weirum
|
0-0: Ball 1-0: Swinging Strike 1-1: Ball 2-1: Fly out, F9 (Flyball, 9LD, EV 96.3 MPH)
|
|
Batting: LHB Mike Greenwell
|
0-0: Ball 1-0: Ball 2-0: Foul Ball, location: 2F 2-1: Ball 3-1: Base on Balls
|
|
Batting: RHB Alfonso Gomez
|
0-0: Ball 1-0: Foul Ball, location: 2F 1-1: Ball 2-1: Ball 3-1: Base on Balls Mike Greenwell to second
|
|
Batting: RHB Jim Sherman
|
0-0: Ball 1-0: Ball 2-0: Foul Ball, location: 2F 2-1: Swinging Strike 2-2: Strikes out swinging
|
| Top of the 1st over - 0 runs, 0 hits, 0 errors, 2 left on base; Greenwood 0 - Greenville 0 |
| BOTTOM OF THE 1ST |
|
Greenville Spinners batting - Pitching for Greenwood Grizzlies : RHP Dan del Valle
|
|
Pitching: RHP Dan del Valle
|
|
|
Batting: RHB Tony Russell
|
0-0: Foul Ball, location: 2F 0-1: Ball 1-1: Ground out 6-3 (Groundball, 6, EV 97.5 MPH)
|
|
Batting: RHB Byron Peyton
|
0-0: Called Strike 0-1: Ball 1-1: Ball 2-1: Ball 3-1: Foul Ball, location: 2F 3-2: Foul Ball, location: 2F 3-2: Base on Balls
|
|
Batting: RHB Bobby Miscik
|
0-0: Ball 1-0: Ball 2-0: Fielders Choice at 2nd, 6-4 (Groundball, 6, EV 107.5 MPH)
|
|
Batting: LHB John Edmonds
|
0-0: Ball 1-0: Ball 2-0: Ground out U3 (Groundball, 3S, EV 77.5 MPH)
|
| Bottom of the 1st over - 0 runs, 0 hits, 0 errors, 1 left on base; Greenwood 0 - Greenville 0 |
| TOP OF THE 2ND |
|
Greenwood Grizzlies batting - Pitching for Greenville Spinners : RHP Linvel Mosby
|
|
Batting: LHB Daryl Boston
|
0-0: Ball 1-0: Foul Ball, location: 2F 1-1: Called Strike 1-2: Ball 2-2: Ground out 1-3 (Groundball, 13S, EV 73.1 MPH)
|
|
Batting: RHB George Chadwick
|
0-0: Ball 1-0: Foul Ball, location: 2F 1-1: Fly out, F7 (Flyball, 7S, EV 95.0 MPH)
|
|
Batting: RHB Timothy Hume
|
0-0: Foul Ball, location: 2F 0-1: Swinging Strike 0-2: Ball 1-2: Foul Ball, location: 2F 1-2: Ball 2-2: Fly out, F8 (Flyball, 78M, EV 83.8 MPH)
|
| Top of the 2nd over - 0 runs, 0 hits, 0 errors, 0 left on base; Greenwood 0 - Greenville 0 |
| BOTTOM OF THE 2ND |
|
Greenville Spinners batting - Pitching for Greenwood Grizzlies : RHP Dan del Valle
|
|
Batting: SHB Thomas Colburn
|
0-0: Ball 1-0: Ball 2-0: Ball 3-0: Base on Balls
|
|
Batting: RHB Glenn Robertson
|
0-0: Called Strike 0-1: Swinging Strike Thomas Colburn steals 2nd base 0-2: Ball 1-2: Foul Ball, location: 2F 1-2: Foul Ball, location: 2F 1-2: Foul Ball, location: 2F 1-2: Ball 2-2: Foul Ball, location: 2F 2-2: Ball 3-2: Ground out 6-3 (Groundball, 6, EV 83.1 MPH)
|
|
Batting: RHB Michael McEvilly
|
0-0: Called Strike 0-1: Fly out, F7 (Flyball, 7S, EV 78.8 MPH)
|
|
Batting: RHB Darrell Woodard
|
0-0: Ground out 4-3 (Groundball, 4, EV 81.9 MPH)
|
| Bottom of the 2nd over - 0 runs, 0 hits, 0 errors, 1 left on base; Greenwood 0 - Greenville 0 |
| TOP OF THE 3RD |
|
Greenwood Grizzlies batting - Pitching for Greenville Spinners : RHP Linvel Mosby
|
|
Batting: RHB Dave Buffamoyer
|
0-0: Ball 1-0: Foul Ball, location: 2F 1-1: Ball 2-1: Ball 3-1: Foul Ball, location: 2F 3-2: Base on Balls
|
|
Batting: SHB Sap Randall
|
0-0: Called Strike 0-1: Called Strike 0-2: Strikes out swinging
|
|
Batting: RHB Robert Weirum
|
0-0: Foul Ball, location: 2F 0-1: Foul Ball, location: 2F 0-2: Ball 1-2: Fly out, F7 (Line Drive, 7, EV 94.4 MPH)
|
|
Batting: LHB Mike Greenwell
|
0-0: Called Strike 0-1: Swinging Strike 0-2: Ground out U3 (Groundball, 34, EV 86.9 MPH)
|
| Top of the 3rd over - 0 runs, 0 hits, 0 errors, 1 left on base; Greenwood 0 - Greenville 0 |
| BOTTOM OF THE 3RD |
|
Greenville Spinners batting - Pitching for Greenwood Grizzlies : RHP Dan del Valle
|
|
Batting: RHB Luis Salazar
|
0-0: Called Strike 0-1: Ball 1-1: Swinging Strike 1-2: SINGLE (Line Drive, 4D, EV 108.8 MPH)
|
|
Batting: RHB Tony Russell
|
0-0: Grounds into double play, 6-4-3 (Groundball, 6, EV 104.4 MPH)
|
|
Batting: RHB Byron Peyton
|
0-0: Ball 1-0: Foul Ball, location: 2F 1-1: Ball 2-1: SINGLE (Line Drive, 89S, EV 111.9 MPH)
|
|
Batting: RHB Bobby Miscik
|
0-0: Called Strike 0-1: Called Strike 0-2: Ball 1-2: Ground out 5-3 (Groundball, 5S, EV 79.4 MPH)
|
| Bottom of the 3rd over - 0 runs, 2 hits, 0 errors, 1 left on base; Greenwood 0 - Greenville 0 |
| TOP OF THE 4TH |
|
Greenwood Grizzlies batting - Pitching for Greenville Spinners : RHP Linvel Mosby
|
|
Batting: RHB Alfonso Gomez
|
0-0: Foul Ball, location: 2F 0-1: Fly out, F6 (Flyball, 6D, EV 88.8 MPH)
|
|
Batting: RHB Jim Sherman
|
0-0: Foul Ball, location: 2F 0-1: Fly out, F3 (Popup, 23F, EV 81.3 MPH)
|
|
Batting: LHB Daryl Boston
|
0-0: Ball 1-0: Ball 2-0: Ball 3-0: Called Strike 3-1: Base on Balls
|
|
Batting: RHB George Chadwick
|
0-0: Ball Daryl Boston steals 2nd base 1-0: Reached on error, E8 (Flyball, 8LS, EV 86.3 MPH) Daryl Boston scores
|
|
Batting: RHB Timothy Hume
|
0-0: Ball 1-0: Ground out 5-3 (Groundball, 56S, EV 80.0 MPH)
|
| Top of the 4th over - 1 run, 0 hits, 1 error, 1 left on base; Greenwood 1 - Greenville 0 |
| BOTTOM OF THE 4TH |
|
Greenville Spinners batting - Pitching for Greenwood Grizzlies : RHP Dan del Valle
|
|
Batting: LHB John Edmonds
|
0-0: Ball 1-0: Called Strike 1-1: Ball 2-1: Called Strike 2-2: Foul Ball, location: 2F 2-2: Ball 3-2: Base on Balls
|
|
Batting: SHB Thomas Colburn
|
0-0: Ball 1-0: Ball 2-0: Ball 3-0: Base on Balls John Edmonds to second
|
|
Batting: RHB Glenn Robertson
|
0-0: Ball 1-0: Foul Ball, location: 2F 1-1: Fielders Choice at 2nd, 3-6 (Groundball, 34S, EV 85.0 MPH) John Edmonds to third
|
|
Batting: RHB Michael McEvilly
|
0-0: Ball 1-0: Fly out, F4 (Flyball, 34D, EV 85.6 MPH)
|
|
Batting: RHB Darrell Woodard
|
0-0: Ball 1-0: Called Strike 1-1: Foul Ball, location: 2F 1-2: Ball 2-2: SINGLE (Groundball, 6M, EV 85.0 MPH) (infield hit) John Edmonds scores Glenn Robertson to second
|
|
Batting: RHB Luis Salazar
|
0-0: Called Strike 0-1: Ball 1-1: Fly out, F7 (Flyball, 7LM, EV 88.8 MPH)
|
| Bottom of the 4th over - 1 run, 1 hit, 0 errors, 2 left on base; Greenwood 1 - Greenville 1 |
| TOP OF THE 5TH |
|
Greenwood Grizzlies batting - Pitching for Greenville Spinners : RHP Linvel Mosby
|
|
Batting: RHB Dave Buffamoyer
|
0-0: Called Strike 0-1: Foul Ball, location: 2F 0-2: Strikes out swinging
|
|
Batting: SHB Sap Randall
|
0-0: Ground out U3 (Groundball, 3L, EV 108.1 MPH)
|
|
Batting: RHB Robert Weirum
|
0-0: Ball 1-0: Called Strike 1-1: Ball 2-1: Ground out 4-3 (Groundball, 4, EV 86.9 MPH)
|
| Top of the 5th over - 0 runs, 0 hits, 0 errors, 0 left on base; Greenwood 1 - Greenville 1 |
| BOTTOM OF THE 5TH |
|
Greenville Spinners batting - Pitching for Greenwood Grizzlies : RHP Dan del Valle
|
|
Batting: RHB Tony Russell
|
0-0: Ball 1-0: Ball 2-0: Foul Ball, location: 2F 2-1: Swinging Strike 2-2: Ball 3-2: Strikes out swinging
|
|
Batting: RHB Byron Peyton
|
0-0: Ball 1-0: Ball 2-0: Ball 3-0: Base on Balls
|
|
Batting: RHB Bobby Miscik
|
0-0: Ball 1-0: Ball 2-0: Ball 3-0: Base on Balls Byron Peyton to second
|
|
Batting: LHB John Edmonds
|
0-0: Fly out, F7 (Flyball, 7LM, EV 101.9 MPH)
|
|
Batting: SHB Thomas Colburn
|
0-0: Ground out U3 (Groundball, 3, EV 102.5 MPH)
|
| Bottom of the 5th over - 0 runs, 0 hits, 0 errors, 2 left on base; Greenwood 1 - Greenville 1 |
| TOP OF THE 6TH |
|
Greenwood Grizzlies batting - Pitching for Greenville Spinners : RHP Linvel Mosby
|
|
Batting: LHB Mike Greenwell
|
0-0: Ball 1-0: Ball 2-0: Called Strike 2-1: Swinging Strike 2-2: Ball 3-2: Foul Ball, location: 2F 3-2: Base on Balls
|
|
Batting: RHB Alfonso Gomez
|
0-0: Fly out, F9 (Line Drive, 9, EV 93.1 MPH)
|
|
Batting: RHB Jim Sherman
|
0-0: Swinging Strike 0-1: Called Strike 0-2: Ball 1-2: DOUBLE (Line Drive, 89D, EV 111.3 MPH) Mike Greenwell to third
|
|
Batting: LHB Daryl Boston
|
0-0: Foul Ball, location: 2F 0-1: Ball 1-1: Ball 2-1: Fly out, F9 (Flyball, 9S, EV 91.3 MPH)
|
|
Batting: RHB George Chadwick
|
0-0: Foul Ball, location: 2F 0-1: Ball 1-1: Foul Ball, location: 2F 1-2: Ground out 4-3 (Groundball, 4, EV 105.0 MPH)
|
| Top of the 6th over - 0 runs, 1 hit, 0 errors, 2 left on base; Greenwood 1 - Greenville 1 |
| BOTTOM OF THE 6TH |
|
Greenville Spinners batting - Pitching for Greenwood Grizzlies : RHP Dan del Valle
|
|
Batting: RHB Glenn Robertson
|
0-0: Ball 1-0: Called Strike 1-1: Ball 2-1: Ball 3-1: Base on Balls
|
|
Batting: RHB Michael McEvilly
|
0-0: Ball 1-0: Fielders Choice at 2nd, 5-4 (Groundball, 15, EV 86.3 MPH)
|
|
Batting: RHB Darrell Woodard
|
0-0: Ball 1-0: 2-RUN HOME RUN (Flyball, 78XD, EV 112.5 MPH), Distance : 411 ft
|
|
Batting: RHB Luis Salazar
|
0-0: Ball 1-0: Ball 2-0: Called Strike 2-1: Ground out 4-3 (Groundball, 4M, EV 91.3 MPH)
|
|
Batting: RHB Tony Russell
|
0-0: Ball 1-0: Ground out 4-3 (Groundball, 4, EV 90.6 MPH)
|
| Bottom of the 6th over - 2 runs, 1 hit, 0 errors, 0 left on base; Greenwood 1 - Greenville 3 |
| TOP OF THE 7TH |
|
Greenwood Grizzlies batting - Pitching for Greenville Spinners : RHP Linvel Mosby
|
|
Batting: RHB Timothy Hume
|
0-0: Ball 1-0: Foul Ball, location: 2F 1-1: Ball 2-1: Swinging Strike 2-2: Foul Ball, location: 2F 2-2: Ball 3-2: Foul Ball, location: 2F 3-2: Foul Ball, location: 2F 3-2: Foul Ball, location: 2F 3-2: Base on Balls
|
|
Batting: RHB Dave Buffamoyer
|
0-0: Called Strike 0-1: Foul Ball, location: 2F 0-2: Ball 1-2: Ball 2-2: Ball 3-2: Fly out, F9 (Line Drive, 9, EV 93.8 MPH)
|
|
Batting: SHB Sap Randall
|
0-0: Ball Timothy Hume is caught stealing 2nd base 2-6 1-0: Ball 2-0: Ball 3-0: Called Strike 3-1: Called Strike 3-2: Base on Balls
|
|
Batting: RHB Robert Weirum
|
0-0: Ball 1-0: Ball 2-0: Called Strike 2-1: Called Strike 2-2: Fly out, F9 (Flyball, 9LS, EV 93.8 MPH)
|
| Top of the 7th over - 0 runs, 0 hits, 0 errors, 1 left on base; Greenwood 1 - Greenville 3 |
| BOTTOM OF THE 7TH |
|
Greenville Spinners batting - Pitching for Greenwood Grizzlies : RHP Dan del Valle
|
|
Batting: RHB Byron Peyton
|
0-0: SINGLE (Line Drive, 4MD, EV 98.8 MPH)
|
|
Batting: RHB Bobby Miscik
|
0-0: Ball 1-0: Ball 2-0: Reached on error, E6 (Groundball, 6, EV 100.0 MPH) Byron Peyton to second
|
|
Batting: LHB John Edmonds
|
0-0: Ball 1-0: Called Strike 1-1: SINGLE (Groundball, 56D, EV 101.9 MPH) Byron Peyton to third Bobby Miscik to second Runner from 3rd tries for Home, SAFE, throw by LF to home
|
|
Batting: SHB Thomas Colburn
|
0-0: Ball 1-0: Called Strike 1-1: Foul Ball, location: 2F 1-2: Ball 2-2: Ball 3-2: Foul Ball, location: 2F 3-2: Strikes out swinging
|
|
Batting: RHB Glenn Robertson
|
0-0: Ball 1-0: Ball 2-0: Called Strike 2-1: Ball 3-1: Foul Ball, location: 2F 3-2: Base on Balls Bobby Miscik to third John Edmonds to second
|
|
Batting: RHB Michael McEvilly
|
0-0: Ball 1-0: Fly out, F8 (Line Drive, 8LD, EV 101.9 MPH) Runner from 3rd tags up, SCORES, throw by CF John Edmonds to third
|
|
Batting: RHB Darrell Woodard
|
0-0: Ball 1-0: SINGLE (Groundball, 6M, EV 100.0 MPH) (infield hit) John Edmonds scores Glenn Robertson to second
|
|
Pitching: RHP Timothy Spaulding
|
|
|
Batting: RHB Luis Salazar
|
0-0: Fly out, F8 (Line Drive, 8RD, EV 110.0 MPH)
|
| Bottom of the 7th over - 3 runs, 3 hits, 1 error, 2 left on base; Greenwood 1 - Greenville 6 |
| TOP OF THE 8TH |
|
Greenwood Grizzlies batting - Pitching for Greenville Spinners : RHP Linvel Mosby
|
|
Batting: LHB Mike Greenwell
|
0-0: Fly out, F9 (Flyball, 89D, EV 104.4 MPH)
|
|
Batting: RHB Alfonso Gomez
|
0-0: Ball 1-0: Ball 2-0: Called Strike 2-1: Ground out 6-3 (Groundball, 6, EV 96.3 MPH)
|
|
Batting: RHB Jim Sherman
|
0-0: Ball 1-0: Called Strike 1-1: Fly out, F7 (Flyball, 7LM, EV 86.9 MPH)
|
| Top of the 8th over - 0 runs, 0 hits, 0 errors, 0 left on base; Greenwood 1 - Greenville 6 |
| BOTTOM OF THE 8TH |
|
Greenville Spinners batting - Pitching for Greenwood Grizzlies : RHP Timothy Spaulding
|
|
Batting: RHB Tony Russell
|
0-0: Called Strike 0-1: Ground out 3-1 (Groundball, 34, EV 85.6 MPH)
|
|
Batting: RHB Byron Peyton
|
0-0: Ball 1-0: Called Strike 1-1: Ball 2-1: Foul Ball, location: 2F 2-2: Ball 3-2: SINGLE (Line Drive, 3D, EV 95.6 MPH)
|
|
Batting: RHB Bobby Miscik
|
0-0: Called Strike 0-1: Ball 1-1: Fly out, F3 (Popup, 3SF, EV 87.5 MPH)
|
|
Batting: LHB John Edmonds
|
0-0: Swinging Strike 0-1: Ball 1-1: Ball 2-1: Ball 3-1: Base on Balls Byron Peyton to second
|
|
Batting: SHB Thomas Colburn
|
0-0: Ball 1-0: Foul Ball, location: 2F 1-1: Foul Ball, location: 2F 1-2: Foul Ball, location: 2F 1-2: Ball 2-2: Ground out 4-3 (Groundball, 4S, EV 66.9 MPH)
|
| Bottom of the 8th over - 0 runs, 1 hit, 0 errors, 2 left on base; Greenwood 1 - Greenville 6 |
| TOP OF THE 9TH |
|
Greenwood Grizzlies batting - Pitching for Greenville Spinners : RHP Linvel Mosby
|
|
Batting: LHB Daryl Boston
|
0-0: Swinging Strike 0-1: Ground out 3-1 (Groundball, 34, EV 86.3 MPH)
|
|
Batting: RHB George Chadwick
|
0-0: Fly out, F7 (Flyball, 7D, EV 106.3 MPH)
|
|
Batting: RHB Timothy Hume
|
0-0: Swinging Strike 0-1: Swinging Strike 0-2: Ball 1-2: Ball 2-2: Ball 3-2: Ground out 4-3 (Groundball, 4S, EV 66.9 MPH)
|
| Top of the 9th over - 0 runs, 0 hits, 0 errors, 0 left on base; Greenwood 1 - Greenville 6 |
|